[Event "Late-Titled-Tuesday-Blitz-April-16-2024"]
[Site "Chess.com"]
[Date "2024.04.16"]
[Round "4"]
[White "FMYiLiu"]
[Black "Agustin_Meza"]
[Result "1/2-1/2"]
[WhiteElo "2466"]
[BlackElo "2213"]
[TimeControl "180+1"]
[EndTime "14:38:00 PDT"]
[Termination "Game drawn by repetition"]

1. d4 d5 2. Nf3 e6 3. Bf4 Bd6 4. e3 Bxf4 5. exf4 Nf6 6. Nbd2 c5 7. dxc5 Qc7 8. g3 Qxc5 9. Bd3 Nc6 10. c3 O-O 11.
O-O Bd7 12. Re1 h6 13. Ne5 Nxe5 14. fxe5 Ne8 15. Nb3 Qb6 16. Rc1 f6 17. exf6 Rxf6 18. Qd2 Nd6 19. Nd4 Raf8 20. Re2 e5 21. Rxe5 Rxf2 22.
Qxf2 Rxf2 23. Kxf2 Ne4+ 24. Bxe4 Qf6+ 25. Nf3 dxe4 26.
Rxe4 Bc6 27. Rf4 Qe6 28. Nd4 Qh3 29. Rh4 Qg2+ 30. Ke3 Qxb2 31. Rc2 Qb1 32. Rf4 Qe1+ 33. Kd3 Qd1+ 34. Kc4 Qe1 35. Rff2 Qe5 36. Nxc6 bxc6 37. Rcd2 Qb5+ 38. Kd4 Qd5+ 39. Ke3 Qe5+ 40. Kd3 Qd5+ 41.
Ke3 Qe5+ 42. Kd3 Qd5+ 43. Ke2 Qe4+ 44. Kf1 Qh1+ 45. Ke2 Qe4+ 46. Kd1 Qb1+ 47. Ke2 Qe4+ 1/2-1/2

[Event "Late-Titled-Tuesday-Blitz-April-16-2024"]
[Site "Chess.com"]
[Date "2024.04.16"]
[Round "4"]
[White "SRob2003"]
[Black "kinga2008"]
[Result "0-1"]
[WhiteElo "2654"]
[BlackElo "2430"]
[TimeControl "180+1"]
[EndTime "14:38:01 PDT"]
[Termination "kinga2008 won on time"]

1. c4 e5 2. g3 Nf6 3. Bg2 c6 4. Nf3 Qc7 5. O-O Be7 6. Nc3 O-O 7. d4 e4 8. Bf4 Qd8 9. Nd2 d5 10. Bg5 Nbd7 11. cxd5 cxd5 12. Qb3 h6 13. Bxf6 Nxf6 14. Rac1 b6 15. Rfd1 Bg4 16. Nf1 Rc8 17. Ne3 Be6 18.
Qa4 Rc7 19. Nb5 Rxc1 20. Rxc1 a5 21. Qc2 Qd7 22. a4 Rc8 23. Qxc8+ Qxc8 24. Rxc8+ Bxc8 25. Nc7 Bb7 26. Bh3 Bd6 27. Nb5 Bb4 28. Kf1 Kf8 29.
Nc2 Bd2 30. e3 Ke7 31. Ke2 Bc1 32. b3 Ba6 33. Kd1 Bxb5 34. axb5 Bb2 35. Bc8 Kd6 36. Kd2 Ne8 37. Ne1 Nc7 38. Ng2 g5 39. h4 Nxb5 40. h5 Bc3+ 41. Ke2 Bxd4 42. exd4 Nxd4+ 43. Ke3 Nxb3 44. Ne1 Ke5 45. Nc2 d4+ 46. Ke2 d3+ 47. Kd1 dxc2+ 48. Kxc2 Nd4+ 49. Kd2 a4 50. Kc3 a3 51. Ba6 b5 52. Bb7 b4+ 0-1

[Event "Late-Titled-Tuesday-Blitz-April-16-2024"]
[Site "Chess.com"]
[Date "2024.04.16"]
[Round "4"]
[White "Aygehovit1992"]
[Black "Hrant_ChessMood"]
[Result "0-1"]
[WhiteElo "2783"]
[BlackElo "2983"]
[TimeControl "180+1"]
[EndTime "14:38:05 PDT"]
[Termination "Hrant_ChessMood won by checkmate"]

1. e4 c6 2. d4 d5 3. e5 Bf5 4. Nf3 e6 5. Nbd2 Nd7 6. Nb3 a6 7. Be3 Ne7 8. a4 Bg4 9. Be2 Nf5 10. O-O c5 11. c3 Be7 12. a5 O-O 13. h3 Bxf3 14.
Bxf3 Rc8 15. Bf4 cxd4 16. Nxd4 Nxd4 17. cxd4 Nb8 18. g3 Nc6 19. Qa4 Bg5 20. Bxg5 Qxg5 21.
Kg2 f6 22. h4 Qf5 23. exf6 Qxf6 24. Bg4 Nxd4 25. Rad1 Rc4 26. Qd7 Rc2 27. Kh3 h6 28. f4 Rxb2 29. Rfe1 Rb3 30. Bxe6+ Kh8 31. Bxd5 Rc3 32.
Re8 Nf5 33. Rxf8+ Qxf8 34. Kh2 Rc2+ 35. Kh3 Rc3 36. Kh2 Nxg3 37. Re1 Ne2 38. Rxe2 Qxf4+ 39. Kh1 Qf1+ 40. Kh2 Qxe2+ 41. Bg2 Qe5+ 42. Kg1 Rc1+ 43. Kf2 Rc2+ 44. Kg1 Rc1+ 45. Kf2 Qf4+ 46. Ke2 Rc2+ 47. Kd1 Qc1# 0-1

[Event "Late-Titled-Tuesday-Blitz-April-16-2024"]
[Site "Chess.com"]
[Date "2024.04.16"]
[Round "4"]
[White "dennisodessa"]
[Black "Lupul_Cenusiu"]
[Result "1-0"]
[WhiteElo "2549"]
[BlackElo "2710"]
[TimeControl "180+1"]
[EndTime "14:38:05 PDT"]
[Termination "dennisodessa won by resignation"]

1. d4 Nf6 2. c4 c5 3. d5 b5 4.
cxb5 a6 5. bxa6 Bxa6 6. Nc3 d6 7. Nf3 g6 8. e4 Bxf1 9. Kxf1 Qc8 10. g3 Qh3+ 11.
Kg1 Bg7 12. Ng5 Qc8 13. Kg2 O-O 14. h4 h6 15. Nf3 Nbd7 16. Bf4 Nh5 17. Be3 Qa6 18. Qd2 Kh7 19. g4 Nhf6 20. g5 Nh5 21. gxh6 Bf6 22. Ng5+ Kh8 23. f4 Qc4 24. Kf3 Kg8 25. Rac1 Qb4 26. b3 Bd4 27. Rc2 Ndf6 28. Bxd4 cxd4 29. Ne2 Qxd2 30. Rxd2 d3 31. Nc1 Nh7 32. Nxd3 Rfc8 33. Rc1 Nf8 34. Rdc2 Rxc2 35. Rxc2 Nf6 36. a4 N6d7 37. Ra2 Nb6 38. a5 Nfd7 39. Nb4 Nc8 40. Nc6 e5 41. b4 exf4 42. Kxf4 Ne5 43.
Nxe5 dxe5+ 44. Kxe5 Ra6 45. b5 f6+ 46. Kd4 Ra8 47.
Ne6 Kf7 48. a6 Nd6 49. b6 Nb5+ 50. Kc5 Nc3 51. b7 Nxe4+ 52. Kb6 1-0

[Event "Late-Titled-Tuesday-Blitz-April-16-2024"]
[Site "Chess.com"]
[Date "2024.04.16"]
[Round "4"]
[White "Mariia89"]
[Black "ploxoi"]
[Result "0-1"]
[WhiteElo "2235"]
[BlackElo "2404"]
[TimeControl "180+1"]
[EndTime "14:38:06 PDT"]
[Termination "ploxoi won on time"]

1. d4 d5 2. c4 e6 3. Nc3 c6 4. e3 Nf6 5. Bd3 Nbd7 6. Nf3 dxc4 7. Bxc4 b5 8. Bd3 Bb7 9. e4 b4 10. Na4 c5 11. e5 Nd5 12. O-O cxd4 13. Re1 Be7 14. Nxd4 h6 15. Qe2 Nc5 16. Nxc5 Bxc5 17. Bb5+ Ke7 18. Nb3 Bb6 19. a4 Nc7 20. Bd3 Qd5 21.
Be4 Qxe4 22. Qxe4 Bxe4 23. Rxe4 a5 24. Be3 Bxe3 25. Rxe3 Nd5 26. Rg3 g6 27. h4 Nf4 28.
Re1 Rhd8 29. Ree3 Rd1+ 30. Kh2 Rb1 31. Rgf3 Nd5 32. Rd3 Rxb2 33. Nc5 Re2 34. Nb3 Rxe5 35. Nd4 Rc8 36. g4 Re4 37. Kg3 Rc4 38. Nb5 Rxg4+ 39.
Kh2 Rxh4+ 40. Kg1 Rcg4+ 41. Kf1 Nf4 42. Ke1 Nxd3+ 43. Rxd3 Re4+ 44. Kd2 b3 45. Kc3 Rxa4 46. Kxb3 Rab4+ 47. Kc3 Rxb5 0-1

[Event "Late-Titled-Tuesday-Blitz-April-16-2024"]
[Site "Chess.com"]
[Date "2024.04.16"]
[Round "4"]
[White "Ramil_Faizrakhmanov"]
[Black "rynos0411"]
[Result "0-1"]
[WhiteElo "2885"]
[BlackElo "2615"]
[TimeControl "180+1"]
[EndTime "14:38:07 PDT"]
[Termination "rynos0411 won by resignation"]

1. d4 Nf6 2. c4 e6 3. Nf3 Bb4+ 4. Bd2 a5 5. g3 b6 6. Bg2 Bb7 7. O-O O-O 8. Bf4 Be7 9. Nc3 Ne4 10. Qd3 Nxc3 11.
bxc3 d5 12. cxd5 exd5 13. h4 h6 14. c4 Nd7 15. cxd5 Bxd5 16. Rfc1 c5 17. e4 Bb7 18. d5 Re8 19. e5 Bf8 20. Re1 Rc8 21. Rac1 c4 22. Rxc4 Nc5 23. Rxc5 Rxc5 24. d6 Qd7 25. Rb1 b5 26. Kh2 b4 27. Bh3 Qc6 28. Nd4 Qd5 29.
d7 Rd8 30. e6 Rc3 31. Qf5 Qxf5 32. Bxf5 fxe6 33. Bxe6+ Kh8 34. Nb5 Rd3 35. Re1 Bc6 36. Bc7 R8xd7 37. Bxd7 Bxd7 38. Na7 Bc5 39. Bxa5 Bxa7 40.
Bxb4 Bxf2 41. Re2 Bxg3+ 42. Kg2 Bc6+ 43. Kh3 Bd6+ 44. Kg4 Bf3+ 45. Kf5 Bxe2 0-1

[Event "Late-Titled-Tuesday-Blitz-April-16-2024"]
[Site "Chess.com"]
[Date "2024.04.16"]
[Round "4"]
[White "Nemsko"]
[Black "Denmark2015"]
[Result "0-1"]
[WhiteElo "2432"]
[BlackElo "2587"]
[TimeControl "180+1"]
[EndTime "14:38:11 PDT"]
[Termination "Denmark2015 won on time"]

1. e4 e6 2. d4 d5 3. Nc3 Be7 4. Nf3 Nf6 5. Bd3 c5 6. dxc5 dxe4 7. Nxe4 Nxe4 8. Bxe4 Qxd1+ 9. Kxd1 Bxc5 10. Be3 Nd7 11.
Ke2 Bxe3 12. Kxe3 Nc5 13. Rad1 Nxe4 14. Kxe4 f6 15. Rd6 Ke7 16. Rhd1 e5 17. c4 Be6 18. b3 Rhc8 19. Ke3 Rc5 20. Ne1 Rac8 21. f4 exf4+ 22. Kxf4 Rf5+ 23. Kg3 Rg5+ 24. Kf2 b5 25. Nf3 Rf5 26.
cxb5 Rc2+ 27. R1d2 Rxd2+ 28. Rxd2 Rxb5 29. Re2 Rd5 30. Rc2 Kd7 31. Ke3 g5 32. Nd4 Bf7 33. Rf2 Re5+ 34. Kd3 Bg6+ 35. Kc4 Bf7+ 36. Kd3 Bg6+ 37.
Kc4 f5 38. Rd2 Kc7 39. Nf3 Re4+ 40. Kc3 g4 41. Nd4 Re3+ 42. Kc4 a6 43. Kc5 Re5+ 44. Kc4 f4 45. Rf2 Re4 46. Kc3 Kd6 47. Ne2 Ke5 48. Nc1 Re3+ 49. Kd2 Ke4 50. Ne2 Rd3+ 51. Kc2 f3 52.
gxf3+ gxf3 53. Ng3+ Ke3 0-1

[Event "Late-Titled-Tuesday-Blitz-April-16-2024"]
[Site "Chess.com"]
[Date "2024.04.16"]
[Round "4"]
[White "WoodlandMagic"]
[Black "DeArron_Fox"]
[Result "1/2-1/2"]
[WhiteElo "2815"]
[BlackElo "2569"]
[TimeControl "180+1"]
[EndTime "14:38:13 PDT"]
[Termination "Game drawn - insufficient material"]

1. c4 e6 2. Nf3 d5 3. e3 Nf6 4.
Nc3 Be7 5. b3 O-O 6. Bb2 c5 7.
cxd5 exd5 8. d4 Nc6 9. Be2 a6 10. O-O Bg4 11. dxc5 Bxc5 12. Rc1 Ba7 13. h3 Bh5 14.
Nh4 Bg6 15. Nxg6 hxg6 16. Na4 d4 17. exd4 Nxd4 18. Nc5 Nxe2+ 19. Qxe2 Re8 20. Qf3 Qd5 21. Bxf6 Qxf3 22. gxf3 gxf6 23. Nxb7 Re2 24. a4 Rb2 25. Na5 Re8 26. Rb1 Ree2 27. Rxb2 Rxb2 28. Nc6 Bc5 29. b4 Bxb4 30. Rc1 a5 31. Nxb4 Rxb4 32. Rc6 Rxa4 33. Rxf6 Kg7 34. Ra6 Ra1+ 35. Kg2 a4 36. h4 a3 37. f4 a2 38. f5 gxf5 39.
Kh2 f4 40. Kg2 f3+ 41. Kxf3 Rh1 42. Rxa2 Rxh4 43. Kg2 Rh6 44. Ra3 Rg6+ 45. Rg3 Kf6 46. Kf3 Rxg3+ 47. fxg3 Kf5 48. g4+ Kg5 49. Kg3 f6 50.
Kf3 Kh4 51. Kf4 Kh3 52. Kf5 Kg3 53. Kxf6 Kxg4 1/2-1/2

[Event "Late-Titled-Tuesday-Blitz-April-16-2024"]
[Site "Chess.com"]
[Date "2024.04.16"]
[Round "4"]
[White "XiaoKangZhong"]
[Black "MikaelyanArman"]
[Result "0-1"]
[WhiteElo "2540"]
[BlackElo "2756"]
[TimeControl "180+1"]
[EndTime "14:38:13 PDT"]
[Termination "MikaelyanArman won by checkmate"]

1. e4 c5 2. Nf3 e6 3. c3 d5 4. exd5 Qxd5 5. d4 Nf6 6. Be2 Be7 7. O-O O-O 8. Be3 cxd4 9. Nxd4 e5 10. Nb5 Nc6 11. Qa4 Qe4 12. Qxe4 Nxe4 13. Bf3 Bf5 14.
Re1 Rfd8 15. c4 Nb4 16. N1a3 a6 17. Bb6 Rd7 18. Nc7 Rxc7 19. Bxc7 Nc5 20. Rxe5 Be6 21. Bd5 Bf6 22. Re2 Bg4 23. f3 Bf5 24. Be5 Bd3 25.
Re3 Bg5 26. f4 Be7 27. Bd4 Bd6 28. Rae1 Kf8 29. g3 h5 30. Kg2 g6 31. b3 Bf5 32.
Nb1 Nbd3 33. Rf1 Nb4 34. Nc3 Nc2 35. Bxc5 Bxc5 36. Re2 Ne3+ 37. Rxe3 Bxe3 38. Re1 Bd2 39. Bxb7 Rb8 40. Rd1 Bxc3 41. Bxa6 Be4+ 42. Kf1 Ra8 43. Rd6 Bb4 44. Rb6 Bc5 45. Rb5 Bd4 46. Bb7 Bxb7 47.
Rxb7 Rxa2 48. Rb8+ Ke7 49. Rb7+ Ke6 50. Rb8 Kf5 51.
Rd8 Ke4 52. Re8+ Kf3 53. Ke1 Be3 54. Kd1 Rd2+ 55. Ke1 Rd3 56. Rb8 Bf2+ 57. Kf1 Rd1# 0-1

[Event "Late-Titled-Tuesday-Blitz-April-16-2024"]
[Site "Chess.com"]
[Date "2024.04.16"]
[Round "4"]
[White "TangerineandLemon25"]
[Black "TigrVShlyape"]
[Result "0-1"]
[WhiteElo "2602"]
[BlackElo "2932"]
[TimeControl "180+1"]
[EndTime "14:38:15 PDT"]
[Termination "TigrVShlyape won by resignation"]

1. e4 c5 2. Nf3 e6 3. g3 a6 4. Bg2 b5 5. O-O Bb7 6. Re1 Ne7 7. d4 cxd4 8. Nxd4 Nbc6 9. e5 Qc7 10. Nc3 Nxd4 11.
Bxb7 Qxb7 12. Qxd4 Nf5 13. Qg4 h5 14. Qe4 Qxe4 15.
Nxe4 Rc8 16. c3 Be7 17. Bg5 Bxg5 18. Nxg5 f6 19. Nf3 Ke7 20. Rad1 Rc5 21. h3 a5 22. Re4 Rhc8 23. g4 hxg4 24. hxg4 Nh6 25. g5 fxg5 26. Nxg5 Nf5 27. Kg2 Rc4 28. Kf3 b4 29.
cxb4 Rxb4 30. Rd2 Rcb8 31. b3 Rc8 32. Rxb4 axb4 33. Ne4 Ra8 34. Nc5 Ra7 35. Nd3 Rb7 36. Ke4 Rb5 37. Rc2 d5+ 38. exd6+ Nxd6+ 39. Ke3 Nf5+ 40. Ke4 Rd5 41. Rc7+ Kf6 42. Nf4 Rd4+ 43. Kf3 g5 44. Nh5+ Ke5 45. Ng3 g4+ 46. Kg2 Nh4+ 47. Kf1 Nf3 48.
Rc5+ Kd6 49. Rb5 Kc6 50. Ra5 e5 51. Nf5 Rd1+ 52. Ke2 Re1+ 53. Kd3 e4+ 54. Kc4 Re2 55. Nd4+ Kd6 56. Nf5+ Kc7 57. Ra7+ Kb6 58. Rg7 Rxf2 59. Rg6+ Kc7 60. Rxg4 Ne5+ 61. Kd4 Nxg4 0-1

[Event "Late-Titled-Tuesday-Blitz-April-16-2024"]
[Site "Chess.com"]
[Date "2024.04.16"]
[Round "4"]
[White "jcibarra"]
[Black "AradNazari"]
[Result "1-0"]
[WhiteElo "2926"]
[BlackElo "2718"]
[TimeControl "180+1"]
[EndTime "14:38:16 PDT"]
[Termination "jcibarra won by resignation"]

1. e4 c5 2. Nf3 d6 3. d4 cxd4 4. Nxd4 Nf6 5. Nc3 a6 6. g3 e5 7. Nb3 Be7 8. Bg5 Be6 9. Bxf6 Bxf6 10. Qd3 Nc6 11. O-O-O Qb6 12. h4 Qxf2 13. Bh3 Nb4 14. Qd2 Qxd2+ 15. Rxd2 Ke7 16. a3 Nc6 17. Nd5+ Bxd5 18.
Rxd5 Rhd8 19. Nd2 Nd4 20. Bg4 g6 21. c3 h5 22. Bd1 Ne6 23. Nc4 b5 24. Ne3 Bg7 25. Kb1 Bh6 26. Nc2 Nc7 27. Rd3 d5 28.
Nb4 Ke6 29. Bb3 a5 30. Nxd5 Nxd5 31. Rxd5 Ke7 32. Rxe5+ Kf8 33. Rf1 Ra7 34. Rxb5 Rd3 35. Rg1 Rd2 36. Bd5 Be3 37. Rf1 Bf2 38. e5 Bxg3 39. e6 f5 40. Rg1 f4 41. Be4 Kg7 42. Rg5 Kf6 43. Rxg6+ Ke5 44. Bc2 Re7 45. Rg5+ Kxe6 46.
Rxa5 Kf6 47. Rf5+ Kg7 48. Rxf4 Re1+ 49. Rxe1 Bxe1 50. Rf5 Kh6 51. Rf6+ Kg7 52. Rg6+ Kf7 53. Rg5 Bxh4 54. Rxh5 Rh2 55. a4 Rh1+ 56. Ka2 Rh2 57. Kb3 Ke7 58. a5 Kd6 59. a6 Kc7 60. Rh7+ 1-0

[Event "Late-Titled-Tuesday-Blitz-April-16-2024"]
[Site "Chess.com"]
[Date "2024.04.16"]
[Round "4"]
[White "divudis17"]
[Black "Gabrielian_Artur"]
[Result "0-1"]
[WhiteElo "2564"]
[BlackElo "2796"]
[TimeControl "180+1"]
[EndTime "14:38:16 PDT"]
[Termination "Gabrielian_Artur won on time"]

1. e4 c5 2. Nf3 d6 3. d4 cxd4 4. Nxd4 Nf6 5. Nc3 Nc6 6. Bg5 Bd7 7. Nxc6 bxc6 8. Bc4 e6 9. Qe2 Be7 10. O-O-O h6 11. Bxf6 gxf6 12. f4 Qa5 13. Bb3 h5 14.
f5 Qe5 15. h3 h4 16. Rhe1 a5 17. a4 Rb8 18. Qa6 Rg8 19. Re2 Rg3 20. Qa7 Rd8 21.
Rd3 Qf4+ 22. Kb1 Rxg2 23. Rxg2 Qf1+ 24. Ka2 Qxg2 25. Qxa5 d5 26. exd5 cxd5 27. Nb5 Qe4 28. fxe6 fxe6 29. Qb6 Rc8 30. Re3 Qb4 31. Rxe6 Bxe6 32.
Qxe6 Kf8 33. Qxd5 Ke8 34. Qg8+ Bf8 35. Qe6+ Kd8 36. Qb6+ Ke7 37. Qe6+ Kd8 38. Qxf6+ Be7 39. Qh8+ Kd7 40. Qh5 Qc5 41. Qg4+ Kd8 42. Qg8+ Kd7 43.
Qg4+ Kd8 44. Qg8+ Bf8 45. Qg4 Qe7 46. Qd4+ Qd7 47. Qxh4+ Qe7 48. Qxe7+ Kxe7 0-1

[Event "Late-Titled-Tuesday-Blitz-April-16-2024"]
[Site "Chess.com"]
[Date "2024.04.16"]
[Round "4"]
[White "combidharma"]
[Black "2Coaches1Profile"]
[Result "0-1"]
[WhiteElo "2810"]
[BlackElo "2579"]
[TimeControl "180+1"]
[EndTime "14:38:16 PDT"]
[Termination "2Coaches1Profile won by resignation"]

1. d4 Nf6 2. c4 c5 3. d5 e6 4.
g3 exd5 5. cxd5 d6 6. Bg2 g6 7. Nc3 Bg7 8. Nf3 O-O 9. O-O a6 10. a4 Nbd7 11. Bf4 Qe7 12. Nd2 Ne8 13. Nc4 Rb8 14.
Ne4 Ne5 15. Nxe5 Bxe5 16. Bg5 f6 17. Bh6 Rf7 18. Qd2 b5 19. f4 Bd4+ 20. e3 Bf5 21. exd4 Bxe4 22. Rfe1 f5 23. axb5 axb5 24. dxc5 dxc5 25.
Bxe4 fxe4 26. Bg5 Qb7 27. Rxe4 Nd6 28. Re6 Nc4 29. Qg2 Rd7 30. Rae1 Qxd5 31. Re8+ Rxe8 32. Rxe8+ Kf7 33. Re7+ Kg8 34. Rxd7 Qxd7 35. Qe4 Qd4+ 36. Qxd4 cxd4 37. Kf1 Kf7 38. Ke2 Nxb2 39. Bd8 Ke6 40. g4 Kd5 41. Bf6 Nc4 42. Kd3 Nb2+ 43. Kc2 Na4 44.
h4 Nc5 45. f5 gxf5 46. gxf5 b4 47. Be7 b3+ 48. Kb2 d3 49. f6 d2 50. f7 Ne6 51.
f8=Q Nxf8 52. Bxf8 d1=Q 0-1

[Event "Late-Titled-Tuesday-Blitz-April-16-2024"]
[Site "Chess.com"]
[Date "2024.04.16"]
[Round "4"]
[White "teresin05"]
[Black "ritanovikova"]
[Result "1/2-1/2"]
[WhiteElo "2332"]
[BlackElo "2161"]
[TimeControl "180+1"]
[EndTime "14:38:16 PDT"]
[Termination "Game drawn by repetition"]

1. e4 d5 2. exd5 Qxd5 3. Nc3 Qd6 4. d4 Nf6 5. Nf3 c6 6. g3 Bg4 7. Bg2 e6 8. O-O Qc7 9. Bf4 Bd6 10. Bxd6 Qxd6 11. Qd3 O-O 12. Ne5 Bf5 13. Qe3 Nbd7 14. Rac1 Nb6 15. b3 Nbd5 16. Nxd5 exd5 17. Qf4 Be6 18. Rfe1 Rad8 19. Re2 Nd7 20. Rce1 Nxe5 21. Qxe5 Qxe5 22. Rxe5 g6 23. c3 Kg7 24. f4 Rd7 25. Kf2 Bf5 26. h3 h5 27. Bf3 Rfd8 28.
g4 hxg4 29. hxg4 Bd3 30. R1e3 Ba6 31. Re7 Kf8 32. R7e5 Kg7 33. f5 gxf5 34. gxf5 Kf6 35. Kg3 Rg8+ 36. Kf4 Rh8 37. Be2 Bxe2 38. Rxe2 Rh4+ 39.
Kg3 Rh5 40. Rf2 Rg5+ 41. Kf4 Rd8 42. Rh2 Rg1 43. Rh6+ Kg7 44. Rh4 Rf1+ 45. Ke3 Re1+ 46. Kf4 Rf1+ 47. Kg3 Rg1+ 48. Kf2 Ra1 49. f6+ Kg6 50.
Rg4+ Kxf6 51. Rf4+ Kg6 52. Ref5 Rxa2+ 53. Kf3 Rc2 54. Rg4+ Kh6 55. Rf6+ Kh5 56. Rf5+ Kh6 57. Rf6+ Kh5 58. Rf5+ Kh6 1/2-1/2

[Event "Late-Titled-Tuesday-Blitz-April-16-2024"]
[Site "Chess.com"]
[Date "2024.04.16"]
[Round "4"]
[White "vova-79"]
[Black "The_Straightforward_Rook"]
[Result "0-1"]
[WhiteElo "2543"]
[BlackElo "2437"]
[TimeControl "180+1"]
[EndTime "14:38:17 PDT"]
[Termination "The_Straightforward_Rook won by checkmate"]

1. d4 d5 2. c4 c6 3. Nc3 Nf6 4.
e3 e6 5. Nf3 Nbd7 6. Qc2 Bd6 7.
Bd2 O-O 8. O-O-O Re8 9. e4 dxe4 10. Nxe4 Nxe4 11. Qxe4 Qe7 12. Bd3 f5 13. Qe2 b5 14.
c5 Bc7 15. Bc2 Nf6 16. Bg5 Qf7 17. Bxf6 gxf6 18. Rhg1 Kh8 19. g4 fxg4 20. Rxg4 e5 21. Rh4 e4 22. Rxe4 Rxe4 23. Qxe4 Be6 24. Qxc6 Bd5 25.
Qxb5 Bxf3 26. Re1 Qxa2 27. Kd2 Ba5+ 28. b4 Bc7 29. Re8+ Rxe8 30. Qxe8+ Kg7 31. Qe7+ Qf7 32. Qe3 Bd5 33. Qd3 f5 34. Qh3 Bf4+ 35. Kd1 Qf6 36. Qxf5 Qxd4+ 37. Qd3 Qxd3+ 38. Bxd3 Bxh2 39. Ke2 h5 40. b5 Kf6 41. b6 axb6 42. cxb6 Bd6 43. f3 Bc5 44. Be4 Be6 45. b7 Bd6 46. Kf2 Kg5 47.
Kg2 h4 48. f4+ Kxf4 49. Bc6 h3+ 50. Kh2 Kg4+ 51. Kh1 Kg3 52. Be4 Bb8 53. Bc6 Bg4 54.
Bd5 Be2 55. Kg1 Bd3 56. Bc6 Ba7+ 57. Kh1 Bf1 58. b8=Q+ Bxb8 59. Kg1 Be2 60. Bg2 Ba7+ 61. Kh1 hxg2# 0-1

[Event "Late-Titled-Tuesday-Blitz-April-16-2024"]
[Site "Chess.com"]
[Date "2024.04.16"]
[Round "4"]
[White "MyDream003"]
[Black "NMJeevanK"]
[Result "1-0"]
[WhiteElo "2790"]
[BlackElo "2557"]
[TimeControl "180+1"]
[EndTime "14:38:18 PDT"]
[Termination "MyDream003 won on time"]

1. e4 d6 2. d4 Nf6 3. Nc3 e5 4. Nf3 Nbd7 5. Bc4 Be7 6. O-O O-O 7. a4 c6 8. h3 h6 9. Re1 Re8 10.
Ba2 Bf8 11. Be3 b6 12. d5 Bb7 13. Qd2 Qc7 14. Qd3 cxd5 15. Nxd5 Bxd5 16. Bxd5 Nxd5 17. Qxd5 Rac8 18. c3 Nf6 19. Qd3 Qc4 20. Qxc4 Rxc4 21. Nd2 Rc6 22. c4 Rec8 23. a5 Nd7 24. axb6 axb6 25.
Ra7 Nc5 26. Rea1 Rb8 27. Ra8 Rcc8 28. Rxb8 Rxb8 29. b4 Ne6 30. b5 Nc5 31. f3 g6 32.
Kf1 f5 33. Ke2 Kf7 34. Ra7+ Kf6 35. g4 fxe4 36. Nxe4+ Ke6 37. Bxc5 bxc5 38. Nc3 Be7 39. Nd5 Bd8 40. Nc3 h5 41. Kd3 hxg4 42. hxg4 Bb6 43.
Ra6 Bd8 44. Ne4 Bb6 45. Nc3 Bd8 46. Ra1 Rb7 47. Ra8 Bb6 48. Nd5 Bc7 49. Rh8 Ba5 50. Rf8 Kd7 51. Rf6 Bd8 52. Rxg6 Kc8 53. Rxd6 Rh7 54.
Rc6+ Kd7 55. Ra6 Rh3 56. Ke4 Bc7 57. Ra7 1-0

[Event "Late-Titled-Tuesday-Blitz-April-16-2024"]
[Site "Chess.com"]
[Date "2024.04.16"]
[Round "4"]
[White "LuckIsMySkill"]
[Black "David_ATM"]
[Result "1-0"]
[WhiteElo "2677"]
[BlackElo "2476"]
[TimeControl "180+1"]
[EndTime "14:38:18 PDT"]
[Termination "LuckIsMySkill won on time"]

1. d4 d5 2. c4 c6 3. Nc3 Nf6 4. Nf3 Bf5 5. Qb3 Qb6 6. cxd5 Qxb3 7. axb3 Nxd5 8. Bd2 Bg6 9. Ne5 Nd7 10. Nxd5 cxd5 11. Nxg6 hxg6 12. Rc1 e6 13. h4 Bd6 14. g3 Ke7 15. Bg2 Rac8 16. e4 Rxc1+ 17. Bxc1 Nf6 18. Bg5 dxe4 19. Bxe4 Kd7 20. Bxb7 Rb8 21. Bg2 Rxb3 22. O-O a5 23. Ra1 Bb4 24. Ra2 Rd3 25. Be3 Nd5 26.
Bxd5 exd5 27. Kf1 Rd1+ 28. Ke2 Re1+ 29. Kd3 Rd1+ 30. Kc2 Rf1 31. b3 f6 32. Rb2 Kc6 33. Kd3 Kd7 34. Ke2 Ra1 35. Bd2 Bxd2 36. Kxd2 Rf1 37.
Ke3 Rc1 38. Ra2 Rc3+ 39. Kf4 Rxb3 40. Rxa5 Ke6 41. Ra6+ Ke7 42. Ra7+ Ke6 43. Rxg7 Rd3 44. Rxg6 Rxd4+ 45. Ke3 Re4+ 46. Kf3 Ra4 47. Rg8 Ra7 48. Re8+ Kf5 49. Re1 Rg7 50. Rd1 Rd7 51. g4+ Ke5 52.
Re1+ Kd4 53. Kf4 Kc3 54. h5 d4 55. Kf5 Rd6 56. h6 d3 57. h7 Rd8 58. Kxf6 d2 59.
Rh1 1-0

[Event "Late-Titled-Tuesday-Blitz-April-16-2024"]
[Site "Chess.com"]
[Date "2024.04.16"]
[Round "4"]
[White "vladislavkovalev"]
[Black "MarcoRiehle"]
[Result "1/2-1/2"]
[WhiteElo "2860"]
[BlackElo "2747"]
[TimeControl "180+1"]
[EndTime "14:38:20 PDT"]
[Termination "Game drawn by stalemate"]

1. e4 e5 2. Nf3 Nf6 3. Nxe5 Nxe4 4. Qe2 Qe7 5. Qxe4 d6 6. d4 dxe5 7. dxe5 Nc6 8. Nc3 Qxe5 9. Qxe5+ Nxe5 10. Nb5 Bb4+ 11.
Bd2 Bxd2+ 12. Kxd2 Kd8 13. Re1 f6 14. f4 Ng6 15. g3 Bd7 16. Nd4 c5 17. Ne6+ Bxe6 18. Rxe6 Re8 19. Rxe8+ Kxe8 20. Bg2 Rd8+ 21. Kc3 b6 22.
Re1+ Kf7 23. Re2 Ne7 24. Kb3 b5 25. a4 a6 26. c3 Rd6 27. Kc2 h5 28. Bf3 g6 29.
Rd2 Rxd2+ 30. Kxd2 bxa4 31. Bd1 a3 32. bxa3 Ke6 33.
Kd3 Kd6 34. Bf3 Nd5 35. f5 gxf5 36. Bxh5 f4 37. Bf3 fxg3 38. hxg3 Ne7 39. Bb7 a5 40.
Kc4 Nf5 41. Kb5 Nxg3 42. Kxa5 Ne2 43. c4 Kc7 44. Be4 Nd4 45. Ka6 f5 46. Bd5 f4 47.
a4 f3 48. Bxf3 Nxf3 49. Kb5 Kd6 50. a5 Nd4+ 51. Kb6 Ne6 52. a6 Nc7 53. a7 Kd7 54.
Kb7 Na8 55. Kxa8 Kc7 1/2-1/2

[Event "Late-Titled-Tuesday-Blitz-April-16-2024"]
[Site "Chess.com"]
[Date "2024.04.16"]
[Round "4"]
[White "Fradi82"]
[Black "szachmistrz2500"]
[Result "1-0"]
[WhiteElo "2190"]
[BlackElo "2443"]
[TimeControl "180+1"]
[EndTime "14:38:20 PDT"]
[Termination "Fradi82 won on time"]

1. e4 e6 2. Qe2 c5 3. Nf3 Nc6 4. g3 Nf6 5. Bg2 Be7 6. O-O O-O 7. e5 Nd5 8. c4 Ndb4 9. Na3 d5 10.
d3 dxc4 11. dxc4 Qd3 12. Qxd3 Nxd3 13. Bf4 Nxf4 14. gxf4 Rd8 15. Rad1 Bd7 16. Nb5 Be8 17. Nd6 Rab8 18. Rd2 Na5 19. b3 Bc6 20. Rfd1 b6 21. Kf1 g6 22. h3 Rd7 23. Nh2 Bxg2+ 24. Kxg2 Rbd8 25. Ng4 h5 26. Nh6+ Kh7 27. Nhxf7 Rf8 28. Ng5+ Bxg5 29. fxg5 Nc6 30. Ne4 Rxd2 31. Rxd2 Nxe5 32.
Nf6+ Kg7 33. Re2 Nd3 34. Kg3 Kf7 35. Re3 Nb4 36. Rf3 Ke7 37. a3 Nc6 38. Rd3 Nd4 39. b4 Nf5+ 40. Kf4 Nd4 41. Ke5 Rd8 42. bxc5 Nc6+ 43.
Ke4 Rxd3 44. Kxd3 bxc5 45. Ne4 Ne5+ 46. Kc3 Nf3 47. a4 a5 48. Nxc5 Nxg5 49. h4 Nf3 50. Nb7 Nxh4 51. Nxa5 Nf5 52. Nc6+ Kd6 53. Nd4 Nxd4 54.
Kxd4 h4 55. Ke3 g5 56. Kf3 h3 57. Kg3 g4 58. f3 gxf3 59. Kxf3 Kc5 60. a5 e5 61. Kg3 e4 62. Kxh3 1-0

[Event "Late-Titled-Tuesday-Blitz-April-16-2024"]
[Site "Chess.com"]
[Date "2024.04.16"]
[Round "4"]
[White "TheoSlade"]
[Black "GWR2024"]
[Result "1-0"]
[WhiteElo "2370"]
[BlackElo "2174"]
[TimeControl "180+1"]
[EndTime "14:38:20 PDT"]
[Termination "TheoSlade won by checkmate"]

1. d4 Nf6 2. c4 g6 3. Nc3 Bg7 4.
e4 d6 5. Nf3 O-O 6. Be2 e5 7. Be3 Nc6 8. d5 Ne7 9. Nd2 Ne8 10. f3 f5 11. c5 f4 12. Bf2 g5 13.
Nc4 Ng6 14. cxd6 cxd6 15. Nb5 a6 16. Nc3 Nh4 17. Bxh4 gxh4 18. h3 b5 19. Nd2 Nf6 20.
O-O Nh5 21. a4 b4 22. Na2 Qg5 23. Kh1 Bxh3 24. Rg1 Bd7 25. Nxb4 Bf6 26. Rc1 Rf7 27. Rc7 Rg7 28. Nxa6 h3 29. gxh3 Ng3+ 30. Kh2 Qh4 31. Bf1 Rxa6 32. Rxd7 Rxd7 33. Bxa6 Rg7 34. Bc8 h5 35. Be6+ Kh7 36. a5 Qg5 37. a6 Bd8 38.
b4 Bb6 39. Rg2 Kh6 40. b5 Be3 41. Nc4 Bc5 42. b6 Qd8 43. b7 Nxe4 44. fxe4 Rxg2+ 45. Kxg2 Qg5+ 46. Kh1 Qg3 47. Qf1 f3 48. b8=Q f2 49. Qh8+ Kg5 50. Qg8+ Kh4 51. Qxg3+ Kxg3 52. Nxd6 Ba7 53.
Nf5+ Kf4 54. Kg2 h4 55. Qxf2+ Kxe4 56. Qf3# 1-0

[Event "Late-Titled-Tuesday-Blitz-April-16-2024"]
[Site "Chess.com"]
[Date "2024.04.16"]
[Round "4"]
[White "Chess_Star1234"]
[Black "Chempiblinka"]
[Result "1-0"]
[WhiteElo "2532"]
[BlackElo "2368"]
[TimeControl "180+1"]
[EndTime "14:38:22 PDT"]
[Termination "Chess_Star1234 won on time"]

1. d4 d5 2. c4 e6 3. Nc3 Nf6 4. cxd5 exd5 5. Bg5 Be7 6. e3 Nbd7 7. Bd3 c6 8. Qc2 h6 9. Bh4 Nh5 10. Bxe7 Qxe7 11. Nge2 Nb6 12. O-O O-O 13. Rab1 Bd7 14. b4 Nc8 15. a4 Nd6 16. b5 f5 17. bxc6 bxc6 18. Rfe1 Nf6 19. Nf4 Qf7 20. Bf1 Nfe4 21. Nd3 Nxc3 22. Qxc3 Nc4 23. Nc5 Nd6 24. Nd3 Nc4 25.
Rb7 Rfb8 26. Reb1 Rxb7 27. Rxb7 Qe8 28. Nc5 Bc8 29. Rb1 Nd6 30. Nd3 Ba6 31. Ne5 Bxf1 32. Rxf1 Rc8 33. Rc1 Ne4 34. Qa5 c5 35. Qa6 c4 36.
Qxa7 c3 37. Qa5 Qe6 38. f3 Nd6 39. Rxc3 Nc4 40. Nxc4 dxc4 41. e4 fxe4 42. fxe4 Qxe4 43. Qe5 Qb1+ 44. Kf2 Rf8+ 45. Kg3 Qb2 46. Rf3 Rxf3+ 47. gxf3 Qd2 48. d5 1-0